 Dungeon Crawl Stone Soup version 0.17-a0-2027-gcac42c4 (webtiles) character file.

1011 Ijustatesigmund the Conjurer (level 8, -1/46 HPs)
             Began as an Octopode Conjurer on Oct 10, 2015.
             Slain by an ogre
             ... wielding a +0 giant club
              (21 damage)
             ... on level 6 of the Dungeon.
             The game lasted 00:21:30 (7118 turns).

Ijustatesigmund the Conjurer (Octopode Conjurer)    Turns: 7118, Time: 00:21:30

Health: -1/46      AC:  1    Str:  7      XL:     8   Next: 21%
Magic:  11/11      EV: 12    Int: 19      God:
Gold:   275        SH:  0    Dex:  9 (13) Spells: 4 memorised, 0 levels left

rFire  . . .     SeeInvis .     w - +2 dagger (venom)
rCold  . . .     Clarity  .     (no shield)
rNeg   . . .     SustAt   .     (helmet restricted)
rPois  .         Gourm    +     l - amulet of the gourmand
rElec  .         Spirit   .     (no ring)
rCorr  .         Warding  .     (no ring)
rMut   .         Stasis   .     (no ring)
MR     .....                    (no ring)
Stlth  ++++......               (no ring)
                                (no ring)
                                (no ring)
                                (no ring)

@: not resistant to hostile enchantments, stealthy
A: almost no armour, amphibious, 8 rings, constrict 8, camouflage 1, gelatinous
body 1
a: no special abilities


You were on level 6 of the Dungeon.
You were very full.

You visited 1 branch of the dungeon, and saw 6 of its levels.

You collected 275 gold pieces.

Inventory:

Hand Weapons
 e - a +0 dagger of holy wrath
 t - the +0 hand axe "Banisher" {flame, MR+}
   (You found it on level 4 of the Dungeon)

   It has been specially enchanted to burn those struck by it, causing extra
   injury to most foes and up to half again as much damage against particularly
   susceptible opponents.
   Big, fiery blades are also staple armaments of hydra-hunters.
   It affects your resistance to hostile enchantments.
 w - a +2 dagger of venom (weapon)
Missiles
 d - 51 sling bullets
Magical Staves
 h - an uncursed staff of energy
Jewellery
 j - an uncursed amulet of stasis
 l - an amulet of the gourmand (around mantle)
Wands
 q - a wand of polymorph (3)
Scrolls
 g - 3 scrolls of teleportation
 m - a scroll of immolation
 s - a scroll of remove curse
Potions
 f - a potion of agility
 i - a potion of magic
 n - a potion of might {unknown}
 p - 2 potions of mutation
 u - 2 potions of ambrosia
 v - a potion of flight {unknown}
 z - a potion of curing
Books
 a - a book of Conjurations

   Spells                             Type                      Level
   a - Magic Dart                     Conjuration                  1
   b - Searing Ray                    Conjuration                  2
   c - Dazzling Spray                 Conjuration/Hexes            3
   d - Fulminant Prism                Conjuration/Hexes            4
   e - Iskenderun's Mystic Blast      Conjuration                  4
   f - Iskenderun's Battlesphere      Conjuration/Charms           5
Comestibles
 b - 3 bread rations
 c - a slice of pizza
 k - 4 meat rations
 o - 4 fruits
 r - a beef jerky


   Skills:
 - Level 3.3 Short Blades
 - Level 2.0 Dodging
 - Level 5.0 Stealth
 - Level 2.0 Spellcasting
 - Level 7.2 Conjurations
 - Level 4.1 Hexes
 + Level 2.7 Charms


You couldn't memorise any spells.
You knew the following spells:

 Your Spells              Type           Power        Failure   Level  Hunger
a - Magic Dart            Conj           ####         1%          1    #......
b - Searing Ray           Conj           ####..       1%          2    ###....
c - Dazzling Spray        Conj/Hex       ###.....     6%          3    ###....
d - Iskenderun's Battles  Conj/Chrm      ###.....     75%         5    ######.


Dungeon Overview and Level Annotations

Branches:
Dungeon (6/15)
 Temple: D:4-7

Altars:
Dithmenos
Elyvilon
Gozag
Makhleb
Nemelex Xobeh
Okawaru


Innate Abilities, Weirdness & Mutations

You cannot wear most types of armour.
You are amphibious.
You can wear up to eight rings at the same time.
You can use your tentacles to constrict eight enemies at once.
Your skin changes colour to match your surroundings (Stealth).
Your rubbery body absorbs attacks (AC +1).


Message History

z - a potion of curing Read which item? (? for menu, Esc to quit)
Identify which item? (\ to view known items) (? for menu, Esc to quit)
As you read the scroll of identify, it crumbles to dust.
p - 2 potions of mutation Read which item? (? for menu, Esc to quit)
Identify which item? (\ to view known items) (? for menu, Esc to quit)
As you read the scroll of identify, it crumbles to dust.
u - 2 potions of ambrosia An ogre comes into view.
It is wielding a giant club.
Found a scroll of teleportation.
The helpless ogre fails to defend itself.
You impale the ogre!!
The ogre is severely wounded.
The ogre hits you with a giant club!!
Ouch! That really hurt!
You hit the ogre.
The ogre is poisoned.
The ogre is almost dead.
The ogre hits you with a giant club!!
You die...

.............##..# ##
.................#...
..................<..
###...............#
....######.##.#...#
.#.## #.##.##..## .#.#
#.##.##...###..
...#######.##.#..O.....#
....)...<.......@#
..########.##.##.# ..#
#....##.# ..# #..###..
..# .?........ ..# #....
.#.... ..# ###.. ######
#<# .. ..#


You could see an ogre.

Vanquished Creatures
  A water moccasin (D:5)
  2 sky beasts (D:5)
  An ogre (D:6)
  A giant frog (D:5)
  A scorpion (D:4)
  3 hounds
  A jelly (D:6)
  A quasit (D:5)
  2 orc priests (D:5)
  2 worker ants (D:4)
  An iguana (D:4)
  A hound skeleton (D:4)
  11 adders
  3 oozes
  4 worms
  4 giant geckos
  12 orcs
  5 giant cockroaches
  8 goblins
  7 hobgoblins
  8 jackals
  6 kobolds
  A quokka (D:4)
  2 ball pythons
  3 bats
  4 giant newts
  A quokka zombie (D:5)
  8 rats
104 creatures vanquished.

Notes
Turn   | Place    | Note
--------------------------------------------------------------
     0 | D:1      | Ijustatesigmund the Octopode Conjurer began the quest for the Orb.
     0 | D:1      | Reached XP level 1. HP: 11/11 MP: 3/3
    33 | D:1      | Reached XP level 2. HP: 1/17 MP: 1/5
  1203 | D:1      | Reached XP level 3. HP: 21/21 MP: 4/6
  1207 | D:1      | Learned a level 2 spell: Searing Ray
  1211 | D:1      | Learned a level 3 spell: Dazzling Spray
  1816 | D:2      | Reached skill level 1 in Short Blades
  1996 | D:2      | HP: 1/21 [poisoned by an adder]
  2025 | D:2      | Reached XP level 4. HP: 3/27 MP: 3/7
  3121 | D:3      | Reached skill level 5 in Stealth
  3275 | D:3      | Found an opulent altar of Gozag.
  3294 | D:3      | Reached XP level 5. HP: 25/31 MP: 6/8
  3802 | D:3      | Found a burning altar of Makhleb.
  3802 | D:3      | Noticed an Executioner
  3809 | D:3      | Found a shadowy altar of Dithmenos.
  3809 | D:3      | Found an opulent altar of Gozag.
  3854 | D:3      | Reached skill level 5 in Conjurations
  4237 | D:4      | Reached XP level 6. HP: 36/36 MP: 9/9
  4273 | D:4      | Got an ebony hand axe
  4274 | D:4      | Identified the +0 hand axe "Banisher" {flame, MR+} (You found it on level 4 of the Dungeon)
  4372 | D:4      | Reached skill level 1 in Hexes
  4852 | D:5      | Entered Level 5 of the Dungeon
  4881 | D:5      | Reached skill level 6 in Conjurations
  4881 | D:5      | Reached XP level 7. HP: 41/41 MP: 10/10
  5105 | D:5      | Found an iron altar of Okawaru.
  5107 | D:5      | Found a white marble altar of Elyvilon.
  5109 | D:5      | Found a sparkling altar of Nemelex Xobeh.
  5897 | D:5      | HP: 1/41 [something (6)]
  6242 | D:5      | Reached skill level 7 in Conjurations
  6316 | D:5      | Noticed a water moccasin
  6327 | D:5      | Killed a water moccasin
  6327 | D:5      | Reached XP level 8. HP: 16/46 MP: 11/11
  6527 | D:5      | Learned a level 5 spell: Iskenderun's Battlesphere
  7118 | D:6      | Slain by an ogre

Vault maps used:
D:1:      minmay_arrival_five_plusses
D:3:      makhleb_altar_promises_db, gammafunk_temple_overflow_elements,
          first_bread, nicolae_gozag_cash_rules_everything_around_me
D:4:      hangedman_minor_gate_pass
D:5:      grunt_temple_overflow_open

Action                   |  1- 3 |  4- 6 |  7- 9 || total
-------------------------+-------+-------+-------++-------
Melee: Unarmed           |     8 |       |       ||     8
       Dagger            |    58 |    92 |    69 ||   219
 Cast: Magic Dart        |    26 |    29 |    16 ||    71
       Searing Ray       |       |     1 |     5 ||     6
  Use: Scroll            |     6 |     2 |     3 ||    11
       Potion            |     1 |       |     1 ||     2
 Stab: Sleeping          |     8 |    19 |     3 ||    30
  Eat: Chunk             |     4 |    16 |     6 ||    26
       Pizza             |       |     1 |       ||     1
